 Dungeon Crawl Stone Soup version 0.26.1-11-gd32895ea62 (webtiles) character file.

Game seed: 5929952768910905857

52 Kukuleta the Chiller (level 3, 0/26 HPs)
             Began as a Merfolk Ice Elementalist on June 22, 2021.
             Slain by an orc priest
             ... wielding a +0 hand axe
              (4 damage)
             ... on level 2 of the Dungeon.
             The game lasted 00:06:18 (1969 turns).

Kukuleta the Chiller (Merfolk Ice Elementalist)     Turns: 1969, Time: 00:06:18

Health: 0/26       AC:  8    Str:  8    XL:     3   Next: 85%
Magic:  0/6        EV: 13    Int: 15    God:
Gold:   68         SH:  0    Dex: 14    Spells: 3/7 levels left

rFire    . . .     SeeInvis .   b - -1 dagger (curse)
rCold    . . .     Faith    .   (no shield)
rNeg     . . .     Spirit   .   a - +0 robe
rPois    .         Reflect  .   (no helmet)
rElec    .         Harm     .   (no cloak)
rCorr    .         Rampage  .   (no gloves)
Will     .....                  (no boots)
Stlth    ++........             (no amulet)
HPRegen  0.08/turn              (no ring)
MPRegen  0.10/turn              (no ring)

@: icy armour
A: change form in water, swift swim, stealthy swim
a: no special abilities


You were on level 2 of the Dungeon.
You visited 1 branch of the dungeon, and saw 2 of its levels.

You collected 68 gold pieces.

Inventory:

Hand Weapons
 b - a cursed -1 dagger (weapon)
 c - a +2 dagger of venom
Armour
 a - a +0 robe (worn)
 f - a +2 buckler
Jewellery
 e - an uncursed ring of protection from fire
Scrolls
 g - a scroll of identify {unknown}
Potions
 d - a potion of degeneration {unknown}
 h - a potion of curing {unknown}


   Skills:
 + Level 1.4 Fighting
 - Level 2.7 Dodging
 - Level 2.2 Stealth
 + Level 2.5 Spellcasting
 * Level 5.2 Ice Magic


You had 3 spell levels left.
You knew the following spells:

 Your Spells              Type           Power        Failure   Level
a - Freeze                Ice            68%          2%          1
b - Ozocubu's Armour      Ice            17%          8%          3

Your spell library contained the following spells:

 Spells                   Type           Power        Failure   Level
 Frozen Ramparts          Ice            34%          8%          3
 Hailstorm                Conj/Ice       9%           56%         4
 Summon Ice Beast         Ice/Summ       9%           56%         4


Dungeon Overview and Level Annotations

Branches:
Dungeon (2/15)

Altars:


Message History

Pain shoots through your body!
* * * LOW HITPOINT WARNING * * *
You hit the orc priest.
The orc priest is moderately wounded.
The orc priest miscasts a cantrip.
You barely miss the orc priest.
The orc priest is moderately wounded.
The orc priest hits you but does no damage.
You hit the orc priest.
The orc priest is severely wounded.
The orc priest hits you but does no damage.
You closely miss the orc priest.
The orc priest is severely wounded.
You hit the orc priest but do no damage.
The orc priest is severely wounded.
The orc priest misses you.
You hit the orc priest.
The orc priest is severely wounded.
The orc priest hits you with a +0 hand axe.
You die...

####### #.....#
##.....# #
#####......#
.########o.o.K.....#
...........#####o###
#.######.#†..# #@#
...#.....##..# #)#
.†..<..#)...## #.#
##.......#### #(#
###...#.o.## #.###
#.#...#..####...##
....#.#............##
...##.###.#.).......#
##....##r.).#.......#


You could see an orc priest.

Vanquished Creatures
  An adder (D:2)
  3 dart slugs
  2 orcs (D:2)
  4 bats (D:1)
  7 goblins
  3 hobgoblins
  A quokka (D:2)
  A frilled lizard (D:1)
  6 kobolds
  6 rats
34 creatures vanquished.

Notes
Turn   | Place    | Note
-------+----------+-------------------------------------------
     0 | D:1      | Kukuleta the Merfolk Ice Elementalist began the quest for
                  | the Orb.
     0 | D:1      | Reached XP level 1. HP: 13/13 MP: 3/3
   259 | D:1      | Reached XP level 2. HP: 20/20 MP: 5/5
   661 | D:1      | Reached skill level 1 in Fighting
   833 | D:1      | Reached skill level 5 in Ice Magic
   833 | D:1      | Reached XP level 3. HP: 25/26 MP: 3/6
   837 | D:1      | Learned a level 3 spell: Ozocubu's Armour
  1172 | D:1      | You fall into a shaft and drop 1 floor!
  1969 | D:2      | Slain by an orc priest

Illustrated notes

Levels and vault maps discovered:
D:1:      dpeg_arrival_central, layout_basic, grunt_decor_junction,
          minmay_misc_feat_four_crosses
D:2:      layout_rooms, xom_butterflies

Skill      XL: |  1  2 |
---------------+-------+-----
Fighting       | 1 |  1.4
Ice Magic      | 5 |  5.2
Dodging        | |  2.7
Stealth        | |  2.2
Spellcasting   | |  2.5

Action                   || total
-------------------------++-------
Melee: Dagger            ||    92
 Cast: Freeze            ||    36
       Ozocubu's Armour  ||     2
  Use: Scroll            ||     1
 Stab: Sleeping          ||     2
Armor: Robe              ||    18
Dodge: Dodged            ||    53
